AoeStats
← La Wacha Piola

Arena

509800247Analyzed
4v4 RM · 3d ago on Sep 28, 2026· 49m 46s· 8 players
Game mode
Random Map
Map size
Large (8 player)
Population
200
Speed
Normal
Resources
Standard
Victory
Conquest
Starting age
Dark Age
Ending age
Imperial Age
RankedLock teamsTeams togetherTeam positionsShared explorationLock speedFull tech treeHidden civsTurbo modeCheats
Victory
Defeat
🇺🇸 Persians · United States
844
+16
🇺🇸 Turks · United States
821
+17
🇵🇷 Persians · Puerto Rico
810
+18
🇺🇸 Britons · United States
799
+18
🇨🇱 Bohemians · Chile
904
-19
🇦🇷 Ethiopians · Argentina
864
-18
🇵🇪 Khmer · Peru
820
-16
🇨🇱 Goths · Chile
804
-16
Phil Mccrack
12:01 Feudal Age
12:45 Double-Bit Axe
12:41 Horse Collar
16:19 Castle Age
18:22 Wheelbarrow
17:36 Loom
19:46 Bow Saw
23:00 Heavy Plow
23:09 Stone Mining
23:19 Town Watch
25:04 Gold Mining
26:19 Hand Cart
27:40 Gold Shaft Mining
27:59 Town Patrol
33:26 Imperial Age
33:15 Ballistics
32:36 Treadmill Crane
32:52 Fletching
33:02 Padded Archer Armor
33:09 Thumb Ring
33:23 Bloodlines
33:13 Husbandry
33:23 Scale Barding Armor
33:28 Forging
34:21 Bodkin Arrow
34:41 Leather Archer Armor
38:11 Two-Man Saw
37:46 Elite Janissary
41:49 Parthian Tactics
42:33 Conscription
42:37 Murder Holes
42:52 Fortified Wall
43:04 Bombard Tower
43:38 Heavy Scorpion
47:02 Sipahi
48:29 Heavy Cavalry Archer
yamir0000
8:24 Loom
10:11 Feudal Age
13:17 Double-Bit Axe
15:27 Wheelbarrow
18:07 Castle Age
18:18 Horse Collar
18:34 Stone Mining
18:45 Gold Mining
19:22 Forging
19:17 Scale Barding Armor
21:37 Bow Saw
23:29 Heavy Plow
28:13 Husbandry
28:23 Bloodlines
28:50 Ballistics
28:41 Masonry
32:22 Imperial Age
30:23 Hand Cart
30:53 Chain Barding Armor
30:25 Fletching
31:52 Iron Casting
31:19 Padded Archer Armor
31:27 Kamandaran
32:19 Gold Shaft Mining
32:21 Stone Shaft Mining
31:33 Crossbowman
32:54 Thumb Ring
33:33 Conscription
34:20 Bodkin Arrow
35:01 Plate Barding Armor
35:27 Blast Furnace
34:43 Leather Archer Armor
34:37 Caravan
35:07 Devotion
36:11 Chemistry
35:02 Heated Shot
36:50 Elite War Elephant
37:43 Citadels
40:12 Light Cavalry
Yomokillroy
0:36 Loom
13:08 Feudal Age
13:45 Double-Bit Axe
16:37 Horse Collar
18:29 Stone Mining
19:40 Wheelbarrow
22:52 Castle Age
21:22 Padded Archer Armor
21:31 Gold Mining
21:40 Arson
22:12 Scale Mail Armor
22:53 Fletching
23:09 Scale Barding Armor
23:44 Bow Saw
27:08 Heavy Plow
28:03 Hand Cart
28:21 Squires
27:43 Pikeman
29:17 Husbandry
28:38 Light Cavalry
33:38 Imperial Age
31:47 Ballistics
31:08 Treadmill Crane
32:08 Leather Archer Armor
32:04 Forging
32:11 Chain Mail Armor
32:35 Bodkin Arrow
34:05 Yeomen
35:02 Iron Casting
36:17 Chemistry
35:42 Conscription
36:04 Cavalier
39:42 Gold Shaft Mining
39:47 Ring Archer Armor
40:18 Blast Furnace
39:50 Plate Mail Armor
39:40 Warwolf
40:47 Bracer
41:28 Elite Longbowman
43:07 Halberdier
45:19 Heated Shot
47:11 Chain Barding Armor
ferandres99
6:47 Loom
9:03 Feudal Age
10:13 Double-Bit Axe
15:41 Castle Age
13:47 Horse Collar
15:05 Town Watch
24:14 Wheelbarrow
24:07 Bow Saw
24:14 Heavy Plow
27:13 Bow Saw
30:38 Imperial Age
28:42 Gold Mining
28:49 Fletching
29:13 Masonry
28:59 Murder Holes
29:26 Ballistics
29:27 Stone Mining
30:26 Gold Shaft Mining
31:42 Bodkin Arrow
31:58 Forging
31:53 Scale Barding Armor
32:29 Crop Rotation
33:03 Chemistry
33:32 Conscription
34:26 Husbandry
34:36 Bloodlines
35:13 Hand Cart
35:01 Town Patrol
34:48 Elite War Elephant
35:06 Cavalier
36:37 Heavy Camel Rider
37:59 Capped Ram
38:38 Onager
40:26 Caravan
41:31 Two-Man Saw
41:10 Iron Casting
40:56 Chain Barding Armor
41:20 Hoardings
40:57 Citadels
40:17 Siege Ram
43:17 Savar
44:11 Savar
44:59 Savar
47:21 Architecture
47:54 Blast Furnace
47:34 Plate Barding Armor
48:50 Coinage
48:30 Guilds
elsapokM
11:59 Feudal Age
15:54 Castle Age
14:50 Stone Mining
17:26 Wheelbarrow
17:30 Double-Bit Axe
24:02 Horse Collar
25:29 Heavy Plow
27:09 Hand Cart
27:43 Bow Saw
30:02 Gold Mining
30:33 Forging
30:24 Scale Mail Armor
31:16 Anarchy
36:01 Imperial Age
35:23 Iron Casting
35:04 Chain Mail Armor
36:12 Pikeman
36:53 Squires
38:03 Perfusion
37:23 Elite Huskarl
37:32 Halberdier
38:39 Caravan
40:30 Blast Furnace
39:48 Guilds
40:45 Two-Man Saw
Gandaro S
11:22 Feudal Age
15:28 Castle Age
13:39 Horse Collar
13:54 Double-Bit Axe
24:15 Imperial Age
22:52 Wheelbarrow
22:04 Town Watch
22:50 Loom
24:13 Bow Saw
26:22 Chemistry
25:50 Conscription
26:46 Two-Man Saw
27:49 Hand Cart
29:54 Hussite Reforms
30:15 Forging
30:06 Scale Mail Armor
31:43 Town Patrol
31:48 Heavy Plow
31:51 Caravan
32:03 Guilds
33:59 Iron Casting
33:39 Chain Mail Armor
34:18 Theocracy
34:10 Illumination
34:01 Block Printing
33:41 Pikeman
34:22 Squires
34:56 Elite Hussite Wagon
36:39 Halberdier
37:05 Arson
38:16 Ballistics
37:52 Murder Holes
38:03 Siege Engineers
37:48 Houfnice
43:19 Wagenburg Tactics
l3141516
0:44 Loom
11:58 Feudal Age
15:52 Double-Bit Axe
18:52 Castle Age
17:13 Horse Collar
18:28 Stone Mining
20:52 Arson
25:32 Pikeman
27:01 Husbandry
27:11 Bloodlines
26:53 Light Cavalry
27:43 Bloodlines
27:38 Gold Mining
28:18 Heavy Plow
30:13 Town Watch
31:04 Wheelbarrow
31:22 Bow Saw
31:52 Bloodlines
31:47 Scale Mail Armor
33:41 Hand Cart
41:23 Imperial Age
40:21 Town Patrol
40:42 Caravan
44:53 Chemistry
44:04 Fortified Wall
44:20 Conscription
44:22 Double Crossbow
45:14 Hussar
46:29 Capped Ram
47:58 Halberdier
La Wacha Piola
10:49 Feudal Age
12:15 Double-Bit Axe
14:36 Castle Age
15:08 Wheelbarrow
16:21 Bow Saw
18:50 Horse Collar
20:58 Heavy Plow
21:06 Loom
21:57 Hand Cart
22:53 Town Watch
23:38 Stone Mining
24:59 Town Patrol
26:43 Forging
26:49 Fortified Wall
29:49 Imperial Age
27:34 Gold Mining
27:51 Murder Holes
28:18 Ballistics
28:13 Scale Mail Armor
29:44 Iron Casting
29:28 Chain Mail Armor
29:36 Royal Heirs
30:45 Elite Shotel Warrior
31:35 Squires
31:21 Arson
32:53 Blast Furnace
32:24 Plate Mail Armor
33:14 Crossbowman
34:00 Thumb Ring
33:55 Fletching
34:06 Padded Archer Armor
35:09 Chemistry
34:16 Siege Engineers
35:38 Masonry
35:55 Conscription
34:59 Arbalester
35:37 Bodkin Arrow
37:29 Bracer
37:45 Leather Archer Armor
Connection lost

Rejoining the realm…

Still unreachable

The connection could not be restored.

Session expired

The server has moved on; the page needs a fresh start.